 Dungeon Crawl Stone Soup version 0.31.0-11-ge490571c62 (webtiles) character file.

Game seed: 15853044747238454054

102 ProzacElf the Apothecary (level 4, -5/30 HPs)
             Began as a Mummy Alchemist on Jan 31, 2024.
             Killed from afar by Sigmund (9 damage)
             ... with a puff of flame
             ... on level 2 of the Dungeon.
             The game lasted 00:05:51 (1827 turns).

ProzacElf the Apothecary (Mummy Alchemist)          Turns: 1827, Time: 00:05:51

Health: -5/30      AC:  3    Str: 11    XL:     4   Next: 50%
Magic:  0/8        EV: 12    Int: 16    God:
Gold:   134        SH:  0    Dex: 12    Spells: 2/8 levels left

rFire   x . .        a - +4 short sword
rCold   + . .        (no shield)
rNeg    + + +        b - +0 robe
rPois   ∞            i - +0 helmet
rElec   .            (no cloak)
rCorr   .            (no gloves)
SInv    .            (no boots)
Will    .....        (no amulet)
Stlth   ++           (no ring)
HPRegen 0.25/turn    (no ring)
MPRegen 0.11/turn

%: faith
@: no status effects
A: cold resistance 1, negative energy resistance 3, torment resistance 2, heat
vulnerability 1, in touch with death 1, no potions, faith
a: no special abilities


You were on level 2 of the Dungeon.
You visited 1 branch of the dungeon, and saw 2 of its levels.

You collected 134 gold pieces.

Inventory:

Hand Weapons
 a - a +4 short sword (weapon)
 d - a +0 whip
 h - a +0 dagger
Armour
 b - a +0 robe (worn)
 i - a +0 helmet (worn)
Scrolls
 c - 2 scrolls of identify {unknown}
 e - a scroll of revelation {unknown}
 f - a scroll of summoning {unknown}
 g - a scroll of teleportation {unknown}


   Skills:
 - Level 1.5 Dodging
 - Level 2.0 Stealth
 - Level 2.6 Spellcasting
 + Level 2.4 Conjurations
 + Level 3.4 Alchemy


You had 2 spell levels left.
You knew the following spells:

 Your Spells              Type           Power      Damage    Failure   Level
a - Sting                 Conj/Alch      44%        1d5       6%          1
b - Mercury Vapours       Alch/Air       14%        N/A       14%         2
c - Mephitic Cloud        Conj/Alch/Air  8%         N/A       26%         3

Your spell library contained the following spells:

 Spells                   Type           Power      Damage    Failure   Level
 Call Imp                 Summ           4%         N/A       28%         2
 Olgreb's Toxic Radiance  Alch           13%        N/A       43%         4
 Sticky Flame             Fire/Alch      7%         2d4       67%         4
 Summon Hydra             Summ           1%         N/A       100%        7
 Sublimation of Blood     Necr           Unusable   N/A       N/A         2

Dungeon Overview and Level Annotations

Branches:
Dungeon (2/15)

Altars:

Shops:
D:1 [

Annotations:
D:2 Sigmund


Innate Abilities, Weirdness & Mutations

You are immune to poison.
Your flesh is cold resistant. (rC+)
You are immune to negative energy. (rN+++)
You are immune to unholy pain and torment.
You are vulnerable to heat. (rF-)
You are in touch with the powers of death.
You do not drink.
You have a special connection with the divine. (Faith)


Message History

Ye now haf 4/8 mp.
Castin': Mercury Vapours (safe; 14% risk o' failure) Confirm wit' . or Enter, or press ? or * ta list all spells.
Aimin': Mercury Vapours (safe; 14% risk o' failure)
Press: ? - help, Dir - move target, f - Sigmund
Aim: Sigmund, wieldin' a +0 scytha an' wearin' a +0 robe (lightly wounded, poison'd, chance ta weak'n: 90%) Fumes o' mercury billow around Sigmund!
Sigmund looks ev'n sicker.
Sigmund looks weaker.
Ye now haf 2/8 mp.
Castin': Mercury Vapours (safe; 14% risk o' failure) Confirm wit' . or Enter, or press ? or * ta list all spells.
Aimin': Mercury Vapours (safe; 14% risk o' failure)
Press: ? - help, Dir - move target, f/p - Sigmund
Aim: Sigmund, wieldin' a +0 scytha an' wearin' a +0 robe (moderately wounded, very poison'd, weak, chance ta weak'n: 90%) Fumes o' mercury billow around Sigmund!
Sigmund looks ev'n sicker.
Sigmund looks ev'n weaker.
Sigmund closely misses ye.
Ye now haf 0/8 mp.
Sigmund closely misses ye.
Ye closely miss Sigmund.
Sigmund be moderately wounded.
Ye hit Sigmund but do nay damage.
Sigmund be moderately wounded.
Sigmund hits ye wit' a +0 scytha!
Ye take 7 damage, an' haf 12/30 hp.
MASSIVE DAMAGE!!
Ye closely miss Sigmund.
Sigmund be moderately wounded.
Sigmund casts a spell at ye.
Tha magic dart hits ye!
* * * LOW HITPOINT WARNIN'
* * * Ye take 9 damage, an' haf 3/30 hp.
MASSIVE DAMAGE!!
Ye cannae drink.
Ye hit Sigmund.
Sigmund be heavily wounded.
Sigmund gestures wildly while chantin'.
Sigmund flickers an' vanishes!
Deactivatin' autopickup; reactivate wit' Ctrl-A.
Ye hear some strange, mumbled words.
A puff o' flame appears from outta thin air!
Tha puff o' flame hits ye!
Tha fire burns ye terribly!
Ye die...

.......# #........# .......#
#####.#### ######## .......## #.#
##......## ###.....## #.#
##........## # ####...# #.#
#..........# # ####..# #.#
#..........# # ####..#..### #<###
#..........# # ..##.......# #)).#
#..........# #
#.##.##....#####@###..........# #
#.....gg.....###..###........## #
#.##.##...#...###{.#..........###
#.##.##...#.#.# ##.#..........#..
#....####.#.#(# #)#..........#..
###..# #.....####[#.............
#.g# ###...g.##.#..........###
#.g# #.....##......K....## # #.g#
##....g.†..........##


There were no monsters in sight!

Vanquished Creatures
  An iguana (D:2)
  Robin (D:2)
  2 adders (D:2)
  2 dart slugs
  2 ribbon worms (D:2)
  A ball python (D:1)
  A giant cockroach (D:1)
  8 goblins
  5 hobgoblins
  4 jackals
  2 kobolds
  2 quokkas (D:2)
  A bat (D:1)
  3 frilled lizards (D:1)
  5 rats
40 creatures vanquished.

Notes
Turn   | Place    | Note
-------+----------+-------------------------------------------
     0 | D:1      | ProzacElf the Mummy Alchemist began the quest for the Orb.
     0 | D:1      | Reached XP level 1. HP: 13/13 MP: 4/4
   100 | D:1      | Found Quec's Armour Emporium.
   229 | D:1      | Reached skill level 1 in Conjurations
   349 | D:1      | Reached XP level 2. HP: 19/19 MP: 3/5
   861 | D:1      | Learned a level 2 spell: Mercury Vapours
   909 | D:2      | Reached skill level 3 in Alchemy
   909 | D:2      | Reached XP level 3. HP: 16/24 MP: 0/7
  1238 | D:2      | Learned a level 3 spell: Mephitic Cloud
  1335 | D:2      | Noticed Sigmund
  1512 | D:2      | Reached XP level 4. HP: 21/30 MP: 0/8
  1599 | D:2      | Noticed Robin
  1665 | D:2      | Killed Robin
  1827 | D:2      | Killed from afar by Sigmund

Illustrated notes

Levels and vault maps discovered:
D:1:      dpeg_arrival_renting, layout_basic, serial_shops, shop
D:2:      layout_rooms, basic_altar, minmay_quantized, uniq_robin, uniq_sigmund

Skill      XL: |  1  2  3 |
---------------+----------+-----
Conjurations   | 1 2 |  2.4
Stealth        | 2 |  2.0
Alchemy        | 3 |  3.4
Dodging        | |  1.5
Spellcasting   | |  2.6

Action                     |  1- 3 |  4- 6 || total
---------------------------+-------+-------++-------
  Melee: Dagger            |    92 |    13 ||   105
         Punch             |     1 |       ||     1
         Short sword       |       |    22 ||    22
   Cast: Sting             |    28 |    10 ||    38
         Mercury Vapours   |     8 |     4 ||    12
   Stab: Distracted        |     1 |       ||     1
         Sleeping          |       |     1 ||     1
 Armour: Robe              |    64 |    23 ||    87
  Dodge: Dodged            |    77 |    22 ||    99

Action                     |  1- 3 |  4- 6 || total
---------------------------+-------+-------++-------
  Melee: Dagger            |    92 |    13 ||   105
         Punch             |     1 |       ||     1
         Short sword       |       |    22 ||    22
   Cast: Sting             |    28 |    10 ||    38
         Mercury Vapours   |     8 |     4 ||    12
   Stab: Distracted        |     1 |       ||     1
         Sleeping          |       |     1 ||     1
 Armour: Robe              |    64 |    23 ||    87
  Dodge: Dodged            |    77 |    22 ||    99

Levels and vault maps discovered:
D:1:      dpeg_arrival_renting, layout_basic, serial_shops, shop
D:2:      layout_rooms, basic_altar, minmay_quantized, uniq_robin, uniq_sigmund
